 Dungeon Crawl Stone Soup version 0.20.1-1-g8b1a95d (webtiles) character file.

153 Irenicus the Chopper (level 5, -3/69 HPs)
             Began as a Deep Dwarf Monk on Oct 26, 2017.
             Slain by an ogre
             ... wielding a +0 giant club
              (16 damage)
             ... on level 4 of the Dungeon.
             The game lasted 00:06:00 (1355 turns).

Irenicus the Chopper (Deep Dwarf Monk)              Turns: 1355, Time: 00:06:01

Health: -3/69      AC: 22    Str: 15    XL:     5   Next: 12%
Magic:  5/5        EV:  2    Int: 10    God:
Gold:   115        SH:  0    Dex: 16    Spells: 4/4 levels left

rFire    . . .     SeeInvis .   a - +0 hand axe
rCold    . . .     Gourm    .   (no shield)
rNeg     + + +     Faith    .   (armour currently unavailable)
rPois    +         Spirit   .   (helmet currently unavailable)
rElec    .         Reflect  .   (cloak currently unavailable)
rCorr    .         Harm     .   (gloves currently unavailable)
MR       .....     NoTele   +   (boots currently unavailable)
Stlth    ++........             (no amulet)
Regen    0.0/turn               (no ring)
MPRegen  0.1/turn               (no ring)

@: tree-form, non-regenerating, hasted, very quick
A: damage resistance, heal wounds, sense surroundings 1, no regeneration
a: Heal Wounds


You were on level 4 of the Dungeon.
You were hungry.
You were a tree.
You visited 1 branch of the dungeon, and saw 4 of its levels.

You collected 115 gold pieces.

Inventory:

Hand Weapons
 a - a +0 hand axe (weapon)
Armour
 b - a +0 robe
 k - a +0 leather armour (melded)
Scrolls
 d - 3 scrolls of identify {unknown}
 e - 2 scrolls of magic mapping {unknown}
 f - a scroll of fear {unknown}
 g - a scroll of immolation {unknown}
 i - 3 scrolls of fog {unknown}
 j - 2 scrolls of remove curse {unknown}
Potions
 h - a potion of invisibility
 l - 3 potions of curing
Comestibles
 c - 2 bread rations


   Skills:
 - Level 2.6 Fighting
 + Level 6.4 Axes
 - Level 3.2 Dodging
 - Level 2.4 Stealth


You had 4 spell levels left.
You didn't know any spells.

Dungeon Overview and Level Annotations

Branches:
Dungeon (4/15)
 Temple: D:4-7

Altars:
Nemelex Xobeh

Annotations:
D:3 Irenicus's ghost, amateur DDMo
D:4 exclusion: ogre


Innate Abilities, Weirdness & Mutations

You are resistant to damage.
You can heal yourself by infusing magical energy.
You passively map a small area around you.
You do not regenerate.


Message History

The adder bites you but does no damage. x2
You slash the adder!
You kill the adder!
You cannot move.
What are your orders? t - Creak!
Orders for allies: a - Attack new target. r - Retreat! s - Stop attacking. g - Guard the area. f - Follow me.
Anything else - Cancel.
You creak for attention!
You hear a shout!
You hear an angry hiss.
It was a potion of haste.
You feel yourself speed up.
You hit the ogre but do no damage. You hit the ogre.
The ogre is lightly wounded.
The ogre hits you but does no damage.
You hit the ogre but do no damage.
The ogre is lightly wounded.
The ogre hits you with a giant club!!
You die...

* ##>......... *
#........# ,,
##.....# * * ,, >,
* #....### * #...##
* ,, #..S# ,, #...#
, #...### ####
##..O♣#########..##
#................#
##..........>..[.#
*
############....##
###...# #...%#
#..(.# #......
.......


You could see an ogre.

Vanquished Creatures
  Jessica (D:2)
  A worker ant (D:4)
  5 adders
  An ooze (D:2)
  A worm (D:2)
  A dart slug (D:1)
  A leopard gecko (D:2)
  5 giant cockroaches
  11 goblins
  2 hobgoblins
  4 jackals (D:2)
  A quokka (D:2)
  A ball python (D:1)
  3 bats
  2 frilled lizards
  4 kobolds
  4 rats (D:2)
48 creatures vanquished.

Notes
Turn   | Place    | Note
-------+----------+-------------------------------------------
     0 | D:1      | Irenicus the Deep Dwarf Monk began the quest for the Orb.
     0 | D:1      | Reached XP level 1. HP: 20/20 MP: 1/1
     3 | D:1      | Noticed an electric eel
     3 | D:1      | Noticed an electric eel
   171 | D:1      | Reached skill level 4 in Axes
   171 | D:1      | Reached XP level 2. HP: 21/27 MP: 2/2
   676 | D:2      | Reached XP level 3. HP: 14/33 MP: 3/3
   827 | D:2      | Noticed Jessica
   834 | D:2      | Reached skill level 5 in Axes
   838 | D:2      | Killed Jessica
   838 | D:2      | Reached XP level 4. HP: 17/40 MP: 4/4
   945 | D:2      | You fall through a shaft!
   956 | D:3      | Found a sparkling altar of Nemelex Xobeh.
  1084 | D:2      | Reached skill level 6 in Axes
  1259 | D:3      | Noticed Irenicus's ghost (amateur DDMo)
  1290 | D:4      | Reached XP level 5. HP: 12/46 MP: 5/5
  1293 | D:4      | Noticed an ogre
  1325 | D:4      | Noticed an ogre
  1355 | D:4      | Slain by an ogre

Skill      XL: |  1  2  3  4 |
---------------+-------------+-----
Axes           | 4 5 6 |  6.4
Fighting       | |  2.6
Dodging        | |  3.2
Stealth        | |  2.4

Action                   |  1- 3 |  4- 6 || total
-------------------------+-------+-------++-------
Melee: Hand axe          |   100 |    90 ||   190
  Use: Potion            |     1 |     4 ||     5
 Stab: Sleeping          |     3 |     1 ||     4
       Distracted        |     1 |       ||     1
       Invisible         |       |     3 ||     3
  Eat: Chunk             |       |     1 ||     1
Armor: Robe              |    11 |       ||    11
       Leather armour    |     9 |    19 ||    28
       Skin              |       |     4 ||     4
Dodge: Dodged            |    90 |    63 ||   153
